 Dungeon Crawl Stone Soup version 0.25.1-2-g60ff931 (webtiles) character file.

Game seed: 1110212086797365385

262 BartimaeusCG the Poker (level 6, 0/48 HPs)
             Began as a Merfolk Warper on Sept 9, 2020.
             Killed from afar by an orc wizard (10 damage)
             ... with a puff of flame
             ... on level 4 of the Dungeon.
             The game lasted 00:19:09 (4936 turns).

BartimaeusCG the Poker (Merfolk Warper)             Turns: 4936, Time: 00:19:09

Health: 0/48       AC:  5    Str: 13    XL:     6   Next: 18%
Magic:  10/10      EV: 14    Int: 12    God:
Gold:   184        SH:  0    Dex: 14    Spells: 10/10 levels left

rFire    . . .     SeeInvis .   a - +0 spear
rCold    . . .     Gourm    .   (no shield)
rNeg     . . .     Faith    .   b - +1 leather armour
rPois    .         Spirit   .   (no helmet)
rElec    .         Reflect  .   (no cloak)
rCorr    .         Harm     .   (no gloves)
MR       .....                  q - +0 pair of boots
Stlth    +.........             (no amulet)
HPRegen  0.16/turn              (no ring)
MPRegen  0.12/turn              (no ring)

@: no status effects
A: change form in water, swift swim, stealthy swim
a: no special abilities


You were on level 4 of the Dungeon.
You were not hungry.

You visited 1 branch of the dungeon, and saw 4 of its levels.

You collected 184 gold pieces.

Inventory:

Hand Weapons
 a - a +0 spear (weapon)
 g - a +0 halberd
   (You took it off a gnoll on level 2 of the Dungeon)
Missiles
 f - 5 boomerangs of dispersal (quivered) {!f}
 h - 13 boomerangs
 l - a throwing net {!f}
Armour
 b - a +1 leather armour (worn)
 q - a +0 pair of boots (worn)
   (You found it on level 3 of the Dungeon)
 t - a +0 cloak
   (You took it off Crazy Yiuf on level 3 of the Dungeon)
Scrolls
 d - a scroll of blinking
 u - a scroll of enchant armour
Potions
 c - 2 potions of haste {@q3}
 i - a potion of berserk rage {unknown}
 j - a potion of degeneration {!q}
 m - a potion of stabbing
 o - a potion of heal wounds {unknown}
 p - a potion of lignification {unknown}
 s - a potion of invisibility {unknown}
Miscellaneous
 k - a tin of tremorstones (3/3)
   (You found it on level 3 of the Dungeon)
Comestibles
 e - 11 rations {!d}
 n - 3 chunks of flesh


   Skills:
 * Level 4.1 Fighting
 * Level 5.5 Polearms
 - Level 1.0 Throwing
 - Level 0.6 Armour
 * Level 4.8 Dodging
 + Level 2.8 Spellcasting
   Level 2.4 Translocations


You had 10 spell levels left.
You didn't know any spells.
Your spell library contained the following spells:

 Spells                   Type           Power        Failure   Level  Hunger
 Blink                    Tloc           N/A          19%         2    ###....
 Shroud of Golubria       Chrm/Tloc      #.....       30%         2    ###....
 Gell's Gravitas          Tloc           #.........   34%         3    ###....
 Lesser Beckoning         Tloc           #.........   34%         3    ###....
 Teleport Other           Tloc           #.......     34%         3    ###....
 Passage of Golubria      Tloc           N/A          75%         4    #####..


Dungeon Overview and Level Annotations

Branches:
Dungeon (4/15)
 Temple: D:4-7

Altars:
Fedhas

Annotations:
D:2 Sigmund


Message History

Something hits you.
You're too confused to move!
You hit the orc but do no damage.
You feel less confused. Something hits you but does no damage.
The orc hits you but does no damage.
You hear some strange, mumbled words.
You are confused.
You barely miss the orc. Something hits you. The orc closely misses you.
You hit the orc but do no damage.
You hear some strange, mumbled words.
A magic dart appears from out of thin air!
The magic dart hits you.
* * * LOW HITPOINT WARNING * * *
The orc completely misses you.
You barely miss the orc.
You feel sick.
You are no longer poisoned.
Something completely misses you.
You bump into the rock wall.
Something hits you but does no damage. The orc closely misses you.
Something hits you.
* * * LOW HITPOINT WARNING * * *
Your magical effects are unravelling.
You feel magically purged.
You feel less confused. The orc closely misses you.
Something hits you but does no damage. Something completely misses you.
Something hits you but does no damage. The orc hits you with a +0 dagger.
* * * LOW HITPOINT WARNING * * *
Something hits you but does no damage. Something hits you but does no damage.
An orc wizard appears from thin air!
Reactivating autopickup.
The orc wizard hits you with a +0 dagger.
* * * LOW HITPOINT WARNING * * *
You hit the orc wizard but do no damage.
You closely miss the orc wizard. The orc wizard closely misses you.
The orc barely misses you.
The orc wizard points at you and mumbles some strange words.
The magic dart hits you.
* * * LOW HITPOINT WARNING * * *
The orc wizard hits you but does no damage.
The orc wizard casts a spell at you. The puff of flame hits you!
You die...

... ###########
....
#...<.))..#.....
#....)..........
#.......<.......
#.........######
#####.##### #.#
#@# #.## #oo#
#######.#
........#
........#
........#
........#
........#######


You could see an orc wizard (fast) and an orc.

Vanquished Creatures
  Crazy Yiuf (D:3)
  An orc wizard (D:3)
  3 gnolls
  5 adders
  2 worms
  4 dart slugs
  5 leopard geckos
  20 orcs
  9 bats
  4 giant cockroaches
  13 goblins
  11 hobgoblins
  A ball python (D:3)
  A frilled lizard (D:2)
  8 kobolds
  6 rats
94 creatures vanquished.

Notes
Turn   | Place    | Note
-------+----------+-------------------------------------------
     0 | D:1      | BartimaeusCG the Merfolk Warper began the quest for the
                  | Orb.
     0 | D:1      | Reached XP level 1. HP: 16/16 MP: 3/3
    94 | D:1      | Reached XP level 2. HP: 23/23 MP: 5/5
   229 | D:1      | Reached XP level 3. HP: 25/28 MP: 6/6
   604 | D:1      | Reached skill level 4 in Polearms
   689 | D:2      | Noticed Sigmund
  1012 | D:2      | Reached XP level 4. HP: 27/35 MP: 7/7
  3001 | D:2      | Reached XP level 5. HP: 37/41 MP: 8/8
  3422 | D:3      | Reached skill level 5 in Polearms
  3427 | D:3      | Found a blossoming altar of Fedhas.
  3970 | D:3      | Found a runed translucent door.
  3971 | D:3      | Noticed Crazy Yiuf
  4075 | D:3      | Paralysed by Crazy Yiuf for 2 turns
  4079 | D:3      | Killed Crazy Yiuf
  4672 | D:3      | Reached XP level 6. HP: 24/48 MP: 10/10
  4936 | D:4      | Killed from afar by an orc wizard

Illustrated notes

Levels and vault maps discovered:
D:1:      dpeg_arrival_round_c, layout_rooms
D:2:      layout_loops_cross, uniq_sigmund
D:3:      layout_basic, fedhas_altar_2, first_ration, minmay_checkerbox,
          uniq_crazy_yiuf_cottage
D:4:      layout_rooms, lemuel_doored_altar, uniq_pikel, uniq_grinder

Skill      XL: |  1  2  3  4  5 |
---------------+----------------+-----
Dodging        | 3 4 |  4.8
Polearms       | 4 5 |  5.5
Fighting       | 3 4 |  4.1
Throwing       | |  1.0
Armour         | |  0.6
Spellcasting   | |  2.8
Translocations | |  2.4

Action                   |  1- 3 |  4- 6 || total
-------------------------+-------+-------++-------
Melee: Spear             |   159 |   347 ||   506
  Use: Scroll            |       |    11 ||    11
       Potion            |       |     1 ||     1
 Stab: Distracted        |       |     1 ||     1
  Eat: Chunk             |     1 |    12 ||    13
Armor: Leather armour    |    29 |    56 ||    85
Dodge: Dodged            |    88 |   175 ||   263
